 Dungeon Crawl Stone Soup version 0.20.0-1-g1cb1d84 (webtiles) character file.

97772 Gorglomux the Severer (level 15, -24/216 HPs)
             Began as a Minotaur Warper on May 26, 2017.
             Was a High Priest of Trog.
             Annihilated by an ettin
             ... wielding a +0 dire flail
              (26 damage)
             ... on level 1 of the Orcish Mines.
             The game lasted 00:29:01 (27617 turns).

Gorglomux the Severer (Minotaur Warper)            Turns: 27617, Time: 00:29:01

Health: -24/216    AC: 22    Str: 22    XL:     15   Next: 73%
Magic:  7/7        EV: 15    Int: 10    God:    Trog [*****.]
Gold:   1689       SH:  0    Dex: 15    Spells: 16/16 levels left

rFire    . . .     SeeInvis .   d - +6 battleaxe (antimagic) {god gift}
rCold    + + .     Gourm    .   (shield currently unavailable)
rNeg     . . .     Faith    .   E - +1 plate armour {rC+}
rPois    +         Spirit   .   k - +1 hat
rElec    .         Reflect  .   x - +2 cloak {+Inv}
rCorr    .         Harm     .   r - +0 pair of gloves
MR       +++..                  (no boots)
Stlth    ..........             (no amulet)
Regen    1.5/turn               o - ring of poison resistance
MPRegen  0.1/turn               c - ring of protection from cold

@: berserking, regenerating, very quick
A: retaliatory headbutt, horns 2
a: Berserk, Trog's Hand, Brothers in Arms, Burn Spellbooks, Renounce Religion,
Evoke Invisibility


You were on level 1 of the Orcish Mines.
You worshipped Trog.
Trog was extremely pleased with you.
You were very hungry.

You visited 3 branches of the dungeon, and saw 22 of its levels.

You collected 2005 gold pieces.
You spent 316 gold pieces at shops.

Inventory:

Hand Weapons
 d - a +6 antimagic battleaxe (weapon) {god gift}
Missiles
 P - 18 tomahawks (quivered)
Armour
 k - a +1 hat (worn)
 r - a +0 pair of gloves (worn)
 x - a +2 cloak of invisibility (worn)
 E - a +1 plate armour of cold resistance (worn)
 U - a +0 plate armour
Jewellery
 c - a ring of protection from cold (right hand)
 m - a +4 ring of dexterity
 o - a ring of poison resistance (left hand)
Wands
 y - a wand of lightning (9/15)
 I - a wand of iceblast (4/15)
 L - a wand of lightning (8/15)
 S - a wand of scattershot (3/9)
 Y - a wand of iceblast (7/15)
 Z - a wand of lightning (6/15)
Scrolls
 h - a scroll of torment
 n - a scroll of acquirement {unknown}
 A - 2 scrolls of fog
 B - 5 scrolls of blinking
 C - 2 scrolls of vulnerability {unknown}
 D - 4 scrolls of immolation
 F - 16 scrolls of remove curse
 H - a scroll of enchant weapon
 K - 3 scrolls of recharging
 M - 4 scrolls of magic mapping
 N - 5 scrolls of enchant armour
 O - 3 scrolls of fear
 R - 4 scrolls of identify
 T - 5 scrolls of teleportation
 W - 2 scrolls of random uselessness
Potions
 e - a potion of flight
 j - a potion of cancellation
 l - a potion of magic
 s - 4 potions of heal wounds
 u - 5 potions of berserk rage
 v - 2 potions of invisibility
 G - a potion of agility
 J - 3 potions of might
 Q - 7 potions of curing
 X - a potion of haste
Miscellaneous
 i - a fan of gales
 q - a lightning rod (4/4)
 V - a phantom mirror
Comestibles
 f - 15 bread rations
 p - 28 fruits
 t - 12 royal jellies
 w - a chunk of flesh
 z - 7 meat rations


   Skills:
 + Level 16.1 Fighting
 + Level 17.3 Axes
 - Level 1.0 Throwing
 + Level 11.6 Armour
 + Level 14.7 Dodging
 - Level 1.3 Spellcasting
   Level 2.1 Translocations
 + Level 9.9 Evocations


You had 16 spell levels left.
You didn't know any spells.

Dungeon Overview and Level Annotations

Branches:
Dungeon (15/15)            Temple (0/1) D:7            Lair (6/6) D:9
 Shoals (0/4) Lair:3       Spider (0/4) Lair:3        Slime (0/5) Lair:5
    Orc (1/2) D:11         Vaults (0/5) D:13         Depths (0/5) D:15

Altars:
Dithmenos
Gozag
Kikubaaqudgha
Makhleb
Okawaru
Ru
Sif Muna
Trog
Vehumet
Xom
Zin

Shops:
D:6 *   D:8 [   D:9 [   D:10 *%

Annotations:
Lair:4 exclusion: 2 oklob plants
Lair:5 1 exclusion


Innate Abilities, Weirdness & Mutations

You reflexively headbutt those who attack you in melee.
You have a pair of horns on your head.


Message History

The fire giant's magic leaks into the air.
The fire giant is heavily wounded.
You barely miss the ettin. The ettin hits you with a dire flail!!
* * * LOW HITPOINT WARNING * * *
The ettin barely misses you.
You hear a shout!
You slash the fire giant!
The fire giant's magic leaks into the air.
You headbutt the fire giant!
The fire giant is almost dead.
You slash the ettin! The fire giant completely misses you.
Unknown command.
You slash the fire giant!
The fire giant's magic leaks into the air.
You headbutt the fire giant!
The fire giant is almost dead.
You slash the ettin! The ettin hits you with a dire flail!!!
* * * LOW HITPOINT WARNING * * *
The ettin hits you with a dire flail!!
You die...

### ########## #######
....#...((...####(......
....'........'..@C......
....#........####C......
... #####(#### .......
#########(# $......
.........(# .......
########### .......
#######


You could see a fire giant and an ettin.

Vanquished Creatures
  Gastronok (Lair:3)
  Nessos (D:15)
  Snorg (Lair:6)
  6 vault guards (D:13)
  6 hydras
  The ghost of puimuR the Severer, a journeyman HOBe of Trog (Orc:1)
  2 catoblepae
  2 ogre magi (D:15)
  7 centaur warriors
  15 two-headed ogres
  3 tengu warriors (D:15)
  14 death yaks
  Nergalle (Lair:1)
  Sonja (Lair:3)
  A fire crab (D:15)
  4 skeletal warriors (D:12)
  3 wizards (D:15)
  A wolf spider zombie (D:14)
  A lindwurm (Lair:6)
  An ugly thing (D:12)
  A wolf spider (Lair:6)
  An orc sorcerer (D:15)
  2 deep elf magi
  3 manticores
  11 cyclopes (Orc:1)
  2 elephants (Lair:6)
  Maurice (D:9)
  An eye of devastation (Lair:5)
  5 black mambas
  Joseph (D:7)
  A torpor snail (Lair:6)
  9 spiny frogs
  An efreet (D:15)
  4 rime drakes
  16 komodo dragons
  3 trolls
  2 polar bears
  2 hornets
  12 slime creatures
  2 dream sheep (Lair:6)
  4 blink frogs (Lair:6)
  9 hippogriffs
  A redback (shapeshifter) (D:15)
  48 yaks
  3 shadows
  3 wraiths
  A human (D:11)
  2 water elementals
  3 wyverns
  3 hogs (D:11)
  3 vampire mosquitoes (D:15)
  2 steam dragons
  A basilisk (Lair:3)
  3 wargs (Orc:1)
  3 hungry ghosts
  2 acid dragons
  12 water moccasins
  10 porcupines
  2 hell hounds (D:9)
  6 sky beasts
  2 black bears
  3 ice beasts
  11 orc warriors
  2 phantoms
  16 ogres
  10 wolves
  2 eyes of draining
  18 centaurs
  5 crocodiles
  4 big kobolds
  17 bullfrogs
  2 wyvern skeletons
  7 scorpions
  A water moccasin skeleton (D:9)
  16 killer bees
  3 wights (D:10)
  3 howler monkeys (D:8)
  5 electric eels (D:13)
  A bullfrog zombie (D:10)
  8 crimson imps
  6 centaur zombies
  7 hounds
  9 orc priests
  2 bullfrog skeletons
  4 jellies
  Crazy Yiuf (D:6)
  3 centaur skeletons
  8 orc wizards
  7 hell rats (Lair:4)
  12 worker ants
  3 iguanas
  A howler monkey zombie (D:6)
  5 gnolls
  11 adders
  4 river rats (Lair:4)
  A shadow imp (D:9)
  An adder zombie (D:5)
  A worm (D:3)
  A dart slug (D:1)
  4 leopard geckos (D:6)
  47 orcs
  7 bats
  3 giant cockroaches
  12 goblins
  13 hobgoblins
  15 jackals
  22 kobolds
  4 quokkas
  6 frilled lizards
  A jackal skeleton (D:6)
  2 leopard gecko zombies
  13 rats
  2 fungi
647 creatures vanquished.

Vanquished Creatures (collateral kills)
  2 vault guards (D:13)
2 creatures vanquished.

Vanquished Creatures (others)
  2 kobolds (D:13)
  4 fungi
  11 plants
17 creatures vanquished.

Grand Total: 666 creatures vanquished

Notes
Turn   | Place    | Note
-------+----------+-------------------------------------------
     0 | D:1      | Gorglomux the Minotaur Warper began the quest for the Orb.
     0 | D:1      | Reached XP level 1. HP: 18/18 MP: 1/1
    54 | D:1      | Reached skill level 3 in Axes
    82 | D:1      | Reached XP level 2. HP: 15/25 MP: 3/3
   391 | D:1      | Reached skill level 4 in Axes
   685 | D:1      | Reached XP level 3. HP: 30/30 MP: 4/4
  1114 | D:2      | Reached skill level 5 in Axes
  1590 | D:3      | Reached XP level 4. HP: 37/37 MP: 5/5
  1891 | D:3      | Reached skill level 6 in Axes
  2247 | D:4      | Reached XP level 5. HP: 29/42 MP: 6/6
  3023 | D:4      | Found a glowing silver altar of Zin.
  3025 | D:4      | Noticed an angel
  3029 | D:4      | Found a shimmering altar of Xom.
  3039 | D:4      | Noticed an ogre
  3429 | D:4      | Reached skill level 7 in Axes
  3606 | D:5      | Entered Level 5 of the Dungeon
  3610 | D:5      | Noticed an ogre
  3622 | D:4      | Killed an ogre
  3622 | D:4      | Reached skill level 8 in Axes
  3622 | D:4      | Reached XP level 6. HP: 34/50 MP: 7/7
  4067 | D:5      | Reached skill level 3 in Fighting
  4163 | D:5      | Reached XP level 7. HP: 17/57 MP: 8/8
  4343 | D:5      | Reached skill level 3 in Dodging
  4578 | D:5      | Reached skill level 3 in Armour
  4786 | D:5      | Reached skill level 9 in Axes
  5049 | D:5      | HP: 2/59 [sky beast (5)]
  5292 | D:5      | Found an iron altar of Okawaru.
  5521 | D:6      | Found a bloodstained altar of Trog.
  5542 | D:6      | Became a worshipper of Trog the Wrathful
  5597 | D:6      | Reached XP level 8. HP: 51/67 MP: 9/9
  6079 | D:6      | Found an ancient bone altar of Kikubaaqudgha.
  6126 | D:6      | Found Eris Heb's General Store.
  6134 | D:6      | Bought a potion of heal wounds for 65 gold pieces
  6134 | D:6      | Bought a scroll of identify for 26 gold pieces
  6180 | D:6      | Reached * piety under Trog
  6407 | D:6      | Reached skill level 6 in Fighting
  6609 | D:6      | Found a runed door.
  6613 | D:6      | Noticed Crazy Yiuf
  6617 | D:6      | Killed Crazy Yiuf
  6843 | D:7      | Found a staircase to the Ecumenical Temple.
  6851 | D:7      | Reached skill level 10 in Axes
  6851 | D:7      | Reached XP level 9. HP: 78/78 MP: 10/10
  6856 | D:7      | Reached skill level 6 in Armour
  6968 | D:7      | Reached ** piety under Trog
  7080 | D:7      | Noticed Joseph
  7098 | D:7      | Killed Joseph
  7098 | D:7      | Reached skill level 6 in Dodging
  7408 | D:7      | Found a burning altar of Makhleb.
  7454 | D:8      | Found Soraesy's Antique Armour Emporium.
  7560 | D:8      | Noticed a two-headed ogre
  7588 | D:8      | Killed a two-headed ogre
  7706 | D:8      | Noticed a two-headed ogre
  7711 | D:8      | Killed a two-headed ogre
  7711 | D:8      | Reached skill level 11 in Axes
  7711 | D:8      | Reached XP level 10. HP: 32/90 MP: 11/11
  8760 | D:8      | Noticed a two-headed ogre
  8775 | D:8      | Killed a two-headed ogre
  8775 | D:8      | Reached skill level 9 in Fighting
  9244 | D:9      | Noticed Maurice
  9264 | D:9      | Paralysed by Maurice for 3 turns
  9271 | D:9      | Paralysed by something for 5 turns
  9280 | D:9      | Paralysed by something for 4 turns
  9308 | D:9      | Killed Maurice
  9308 | D:9      | Reached skill level 9 in Armour
  9428 | D:9      | Reached *** piety under Trog
  9548 | D:9      | Noticed a two-headed ogre
  9557 | D:9      | Killed a two-headed ogre
  9557 | D:9      | Reached skill level 12 in Axes
  9563 | D:9      | Found a staircase to the Lair.
  9632 | D:9      | Found Edeisum's Antique Armour Shop.
  9855 | D:9      | Found a shadowy altar of Dithmenos.
  9855 | D:9      | Found a radiant altar of Vehumet.
  9856 | D:9      | Found a deep blue altar of Sif Muna.
  9867 | D:9      | Found an iron altar of Okawaru.
  9886 | D:9      | Reached XP level 11. HP: 99/99 MP: 12/12
 10294 | D:9      | Noticed a two-headed ogre
 10304 | D:9      | Killed a two-headed ogre
 10304 | D:9      | Reached skill level 9 in Dodging
 10435 | D:10     | Entered Level 10 of the Dungeon
 10778 | D:10     | Found Ycrakiw's Food Shop.
 10853 | D:10     | Found Aqoent's Assorted Antiques.
 10860 | D:10     | Bought a potion of might for 100 gold pieces
 10860 | D:10     | Bought a scroll of identify for 50 gold pieces
 10860 | D:10     | Bought a scroll labeled LIVEPO HELUY for 25 gold pieces
 10860 | D:10     | Bought a scroll of identify for 50 gold pieces
 11114 | D:11     | Noticed a five-headed hydra
 11232 | D:11     | Reached **** piety under Trog
 11444 | D:11     | Killed a five-headed hydra
 11844 | D:11     | Noticed a two-headed ogre
 11853 | D:11     | Killed a two-headed ogre
 11853 | D:11     | Reached skill level 13 in Axes
 12123 | D:11     | Noticed a two-headed ogre
 12129 | D:11     | Killed a two-headed ogre
 12129 | D:11     | Reached skill level 1 in Evocations
 12305 | D:11     | Found a staircase to the Orcish Mines.
 12369 | Orc:1    | Entered Level 1 of the Orcish Mines
 12437 | Lair:1   | Entered Level 1 of the Lair of Beasts
 12438 | Lair:1   | Noticed Nergalle
 12453 | Lair:1   | Killed Nergalle
 13073 | Lair:1   | Reached XP level 12. HP: 87/110 MP: 13/13
 13795 | Lair:2   | Reached skill level 3 in Evocations
 14833 | Lair:2   | Reached skill level 12 in Fighting
 15099 | Lair:2   | Noticed a five-headed hydra
 15104 | Lair:2   | Reached ***** piety under Trog
 15108 | Lair:2   | Killed a ten-headed hydra
 15647 | Lair:3   | Noticed Gastronok
 15650 | Lair:3   | Reached skill level 14 in Axes
 15667 | Lair:3   | Killed Gastronok
 15668 | Lair:3   | Found a staircase to the Shoals.
 16026 | Lair:3   | Noticed Sonja
 16051 | Lair:3   | Found a hole to the Spider Nest.
 16289 | Lair:3   | Killed Sonja
 16926 | Lair:4   | Noticed a death yak
 16927 | Lair:4   | Noticed a death yak
 16928 | Lair:4   | Noticed a death yak
 16928 | Lair:4   | Noticed a death yak
 16936 | Lair:4   | Killed a death yak
 16938 | Lair:4   | Killed a death yak
 16938 | Lair:4   | Reached XP level 13. HP: 103/119 MP: 15/15
 18047 | Lair:4   | Reached skill level 12 in Dodging
 18250 | Lair:4   | You fall through a shaft for 2 floors!
 18250 | Lair:6   | Entered Level 6 of the Lair of Beasts
 18268 | Lair:6   | Reached skill level 15 in Axes
 18268 | Lair:6   | Reached skill level 6 in Evocations
 18400 | Lair:6   | Noticed Snorg
 18413 | Lair:6   | Killed Snorg
 18943 | Lair:6   | Reached XP level 14. HP: 92/132 MP: 18/18
 19802 | Lair:5   | Found a staircase to the Slime Pits.
 20770 | Lair:5   | Found an opulent altar of Gozag.
 21007 | D:12     | Reached skill level 16 in Axes
 21755 | D:12     | Reached ****** piety under Trog
 21755 | D:12     | Received a gift from Trog
 22954 | D:13     | Reached skill level 15 in Fighting
 23211 | D:13     | HP: 5/135 [centaur warrior (8)]
 23881 | D:13     | Found a gate to the Vaults.
 23916 | D:13     | Reached skill level 9 in Evocations
 23936 | D:13     | HP: 5/135 [vault guard/great sword (19)]
 24541 | D:14     | Reached XP level 15. HP: 141/141 MP: 6/20
 25010 | D:14     | Received a gift from Trog
 25061 | D:14     | Found an opulent altar of Gozag.
 25071 | D:14     | Found a glowing silver altar of Zin.
 25407 | D:15     | Entered Level 15 of the Dungeon
 25796 | D:15     | Found a sacrificial altar of Ru.
 25944 | D:15     | Reached skill level 17 in Axes
 26200 | D:15     | Noticed Nessos
 26213 | D:15     | Killed Nessos
 26308 | D:15     | Found a staircase to the Depths.
 27101 | Orc:1    | Noticed puimuR's ghost (journeyman HOBe)
 27112 | Orc:1    | Killed puimuR's ghost
 27604 | Orc:1    | Noticed a fire giant
 27617 | Orc:1    | HP: 2/216 [ettin/dire flail (38)]
 27617 | Orc:1    | Annihilated by an ettin

Skill      XL: |  1  2  3  4  5  6  7  8  9 10 11 12 13 14 15 |
---------------+----------------------------------------------+-----
Axes           | 3 4 5 6 8 9 10 11 12 13 14 15 16 17 | 17.3
Armour         | 2 4 5 7 9 10 11 | 11.6
Fighting       | 3 4 6 8 9 11 12 14 15 16 | 16.1
Dodging        | 4 5 7 8 10 11 12 13 14 | 14.7
Evocations     | 1 5 7 9 |  9.9
Throwing       | |  1.0
Spellcasting   | |  1.3
Translocations | |  2.1

Action                   |  1- 3 |  4- 6 |  7- 9 | 10-12 | 13-15 || total
-------------------------+-------+-------+-------+-------+-------++-------
Melee: Hand axe          |   120 |   164 |   246 |       |       ||   530
       Headbutt          |    15 |    39 |    56 |   114 |   227 ||   451
       War axe           |       |       |   116 |   356 |       ||   472
       Battleaxe         |       |       |       |   283 |  1017 ||  1300
Throw: Tomahawk          |       |       |     5 |       |     4 ||     9
Invok: Burn Spellbooks   |       |       |     1 |     1 |     1 ||     3
       Berserk           |       |       |     9 |    25 |    28 ||    62
       Trog's Hand       |       |       |     1 |     5 |    12 ||    18
       Brothers in Arms  |       |       |       |       |     1 ||     1
Evoke: Wand              |       |       |       |     9 |     2 ||    11
       Lightning rod     |       |       |       |     4 |     4 ||     8
  Use: Potion            |       |       |     4 |       |     2 ||     6
       Scroll            |       |       |     9 |    11 |     5 ||    25
 Stab: Petrified         |       |       |       |       |    13 ||    13
       Petrifying        |       |       |       |       |     2 ||     2
  Eat: Chunk             |     2 |     4 |    19 |    36 |    50 ||   111
       Meat ration       |       |     1 |       |     3 |     4 ||     8
       Royal jelly       |       |       |       |     1 |     1 ||     2
Armor: Leather armour    |    22 |       |       |       |       ||    22
       Ring mail         |    19 |    17 |       |       |       ||    36
       Plate armour      |       |    63 |   197 |   461 |   651 ||  1372
       Skin              |       |       |    22 |       |       ||    22
Dodge: Dodged            |    81 |    53 |   117 |   363 |   632 ||  1246
